 Dungeon Crawl Stone Soup version 0.23.1-37-gaa34b87b72 (webtiles) character file.

Game seed: 14724470898789141836

138 PentaManta the Vandal (level 5, 0/25 HPs)
             Began as a Spriggan Hunter on Mar 25, 2019.
             Succumbed to a worker ant's poison
             ... on level 4 of the Dungeon.
             The game lasted 00:04:30 (2508 turns).

PentaManta the Vandal (Spriggan Hunter)             Turns: 2508, Time: 00:04:31

Health: 0/25       AC:  2    Str: 13    XL:     5   Next: 1%
Magic:  0/6        EV: 21    Int: 17    God:
Gold:   141        SH:  0    Dex: 18    Spells: 4/4 levels left

rFire    + . .     SeeInvis +   a - +1 hunting sling
rCold    + . .     Gourm    .   (shield restricted)
rNeg     . . .     Faith    .   c - +0 robe
rPois    +         Spirit   +   (helmet restricted)
rElec    +         Reflect  .   h - scarf {Spirit}
rCorr    +         Harm     .   (gloves unavailable)
MR       .....                  (boots unavailable)
Stlth    +++.......             (no amulet)
HPRegen  0.08/turn              (no ring)
MPRegen  0.10/turn              (no ring)

@: mighty, brilliant, lethally poisoned (0 -> -21), resistant, very quick
A: very small, unfitting armour, see invisible, herbivore, speed 3, slow
metabolism 2
a: no special abilities


You were on level 4 of the Dungeon.
You were not hungry.

You visited 1 branch of the dungeon, and saw 4 of its levels.

You collected 141 gold pieces.

Inventory:

Hand Weapons
 a - a +1 hunting sling (weapon)
 t - a +2 dagger of venom
Missiles
 k - 60 stones (quivered)
Armour
 c - a +0 robe (worn)
 h - a scarf of spirit shield (worn)
Jewellery
 r - an uncursed amulet of harm {unknown}
Scrolls
 e - 2 scrolls of magic mapping {unknown}
 l - a scroll of blinking {unknown}
 m - 2 scrolls of immolation {unknown}
 n - 5 scrolls of identify {unknown}
 p - a scroll of teleportation {unknown}
 q - a scroll of amnesia {unknown}
 u - a scroll of fog {unknown}
 v - a scroll of random uselessness {unknown}
Potions
 b - a potion of lignification {unknown}
 g - 2 potions of brilliance
 i - a potion of resistance
 j - 2 potions of curing {unknown}
 o - a potion of might
 s - a potion of haste {unknown}
 w - a potion of mutation {unknown}
Comestibles
 f - 3 rations


   Skills:
 - Level 1.5 Fighting
 + Level 5.9 Slings
 + Level 5.0 Dodging
 + Level 4.6 Stealth


You had 4 spell levels left.
You didn't know any spells.
Your spell library was empty.

Dungeon Overview and Level Annotations

Branches:
Dungeon (4/15)
 Temple: D:4-7

Altars:
Kikubaaqudgha
Uskayaw
Vehumet
Wu Jian
Yredelemnul
Zin

Annotations:
D:3 1 runed translucent door


Innate Abilities, Weirdness & Mutations

You are very small and have problems with some larger weapons.
You are too small for most types of armour.
You have supernaturally acute eyesight. (SInv)
You are a herbivore.
You cover ground extremely quickly.
You need to consume almost no food.


Message History

Aim: a worker ant (almost dead)
You shoot a stone.
The stone closely misses the worker ant.
The worker ant bites you.
* * * LOW HITPOINT WARNING * * *
You are more poisoned.
The worker ant poisons you!
It was a potion of brilliance.
You feel clever all of a sudden.
* * * LOW HITPOINT WARNING * * *
You feel sick. The worker ant completely misses you.
It was a potion of resistance.
You feel protected.
* * * LOW HITPOINT WARNING * * *
You feel sick. The worker ant bites you.
You are more poisoned.
The worker ant poisons you! The worker ant barely misses you.
It was a potion of might.
You feel very mighty all of a sudden.
You die...

###### #.#......
#(...#####.#..#.##
#.##(#.........(..
#.##....##.##.(.##
#.##.....#<##....(
#.##.....#.##....#
#.##.....#.##....#
#a##.....#.#.....#
#@##.....#.###...#
#.########.. ..>.#
#.# .#.... #.#
..#..## #.# #.#
#.# ..#


You could see a worker ant.

Vanquished Creatures
  A worker ant (D:4)
  Robin (D:3)
  A gnoll (D:1)
  An adder (D:3)
  2 oozes
  An adder skeleton (D:4)
  A worm (D:2)
  A dart slug (D:2)
  A leopard gecko (D:4)
  An orc (D:3)
  A ball python (D:1)
  6 bats
  3 giant cockroaches
  10 hobgoblins
  9 kobolds
  3 frilled lizards
  17 goblins
  A goblin skeleton (D:3)
  5 rats
66 creatures vanquished.

Notes
Turn   | Place    | Note
-------+----------+-------------------------------------------
     0 | D:1      | PentaManta the Spriggan Hunter began the quest for the Orb.
     0 | D:1      | Reached XP level 1. HP: 10/10 MP: 2/2
   118 | D:1      | Reached skill level 5 in Slings
   139 | D:1      | Reached XP level 2. HP: 14/14 MP: 3/3
   359 | D:1      | Reached XP level 3. HP: 18/18 MP: 4/4
   575 | D:2      | Found a radiant altar of Vehumet.
   576 | D:2      | Found a hide-covered altar of Uskayaw.
   619 | D:2      | You fall through a shaft!
   619 | D:3      | Found a runed translucent door.
   620 | D:3      | Noticed a human
   623 | D:3      | Found a basalt altar of Yredelemnul.
  1142 | D:2      | Noticed Robin
  1154 | D:2      | Reached XP level 4. HP: 21/22 MP: 3/5
  1187 | D:3      | Killed Robin
  1501 | D:2      | Found a basalt altar of Yredelemnul.
  1504 | D:2      | Found a glowing silver altar of Zin.
  1506 | D:2      | Found an ancient bone altar of Kikubaaqudgha.
  1889 | D:3      | Found an ornate altar of the Wu Jian Council.
  2471 | D:4      | Reached skill level 5 in Dodging
  2471 | D:4      | Reached XP level 5. HP: 13/25 MP: 6/6
  2507 | D:4      | HP: 1/25 [poisoned by a worker ant]
  2508 | D:4      | Succumbed to a worker ant's poison

Skill      XL: |  1  2  3  4 |
---------------+-------------+-----
Stealth        | 2 3 4 |  4.6
Slings         | 5 |  5.9
Dodging        | 4 5 |  5.0
Fighting       | |  1.5

Action                   |  1- 3 |  4- 6 || total
-------------------------+-------+-------++-------
 Fire: Hunting sling     |   105 |    97 ||   202
  Use: Potion            |       |     3 ||     3
Armor: Robe              |     5 |     4 ||     9
Dodge: Dodged            |     7 |    30 ||    37
